 Dungeon Crawl Stone Soup version 0.26-a0-154-g3d63440f56 (webtiles) character file.

Game seed: 16851917570585802482

3404 Flugslaktarn the Frost Mage (level 10, -3/51 HPs)
             Began as a Vine Stalker Ice Elementalist on July 1, 2020.
             Was a Believer of Makhleb.
             Slain by a troll zombie (11 damage)
             ... on level 9 of the Dungeon.
             The game lasted 00:21:50 (3628 turns).

Flugslaktarn the Frost Mage (VSIE)                  Turns: 3628, Time: 00:21:50

Health: -3/51      AC:  3    Str:  6    XL:     10   Next: 4%
Magic:  0/17       EV: 15    Int: 18    God:    Makhleb [**....]
Gold:   137        SH:  0    Dex: 16    Spells: 4/17 levels left

rFire    . . .     SeeInvis .     - Unarmed
rCold    . . .     Faith    .   (shield currently unavailable)
rNeg     . . .     Spirit   +   a - +0 robe
rPois    .         Reflect  .   s - +0 helmet
rElec    .         Harm     .   (no cloak)
rCorr    .                      (gloves currently unavailable)
MR       +....                  (no boots)
Stlth    ++........             (no amulet)
HPRegen  0.57/turn              C - -4 ring of strength (curse)
MPRegen  0.15/turn              f - ring of wizardry

@: blade hands, frozen ramparts, starving
A: fangs 3, regeneration 1, magic shield, antimagic bite, no potion heal 3, rot
immunity
a: End Transformation, Minor Destruction, Renounce Religion


You were on level 9 of the Dungeon.
You worshipped Makhleb.
Makhleb was pleased with you.
You were starving.
You had blades for hands.
You visited 2 branches of the dungeon, and saw 10 of its levels.

You collected 527 gold pieces.
You spent 390 gold pieces at shops.

Inventory:

Hand Weapons
 p - a +2 dagger of draining (melded)
   (You took it off a goblin on level 2 of the Dungeon)
 q - a +4 hunting sling
   (You took it off a goblin on level 2 of the Dungeon)
 y - a +1 spear of venom
   (You took it off a gnoll sergeant on level 5 of the Dungeon)
 E - a +4 flail of draining
   (You took it off an orc on level 6 of the Dungeon)
Missiles
 r - 182 stones (quivered)
 t - 16 boomerangs
 x - 6 throwing nets
 I - 2 javelins
Armour
 a - a +0 robe (worn)
 e - a +0 kite shield
   (You took it off a gnoll sergeant on level 5 of the Dungeon)
 s - a +0 helmet (worn)
   (You took it off Robin on level 2 of the Dungeon)
Magical Staves
 w - an uncursed staff of wizardry
   (You found it on level 4 of the Dungeon)
Jewellery
 f - a ring of wizardry (right scythe-like blade)
   (You bought it in a shop on level 6 of the Dungeon)
 A - an uncursed ring of flight
   (You found it on level 5 of the Dungeon)
 C - a cursed -4 ring of strength (left scythe-like blade)
   (You found it on level 6 of the Dungeon)
Scrolls
 d - a scroll of magic mapping {unknown}
 h - a scroll of amnesia
 j - 3 scrolls of remove curse {unknown}
 k - 2 scrolls of immolation {unknown}
 l - a scroll of fear {unknown}
 n - 2 scrolls of fog
 v - 4 scrolls of teleportation
 B - a scroll of enchant armour
 D - a scroll of blinking {unknown}
 G - a scroll of enchant weapon {unknown}
 H - a scroll of noise {unknown}
 J - a scroll of identify
Potions
 b - a potion of heal wounds {unknown}
 g - a potion of lignification {unknown}
 i - 2 potions of stabbing {unknown}
 m - 3 potions of curing
 o - a potion of ambrosia
 u - a potion of haste
 z - 2 potions of resistance
 F - a potion of mutation {unknown}
Comestibles
 c - 5 rations


   Skills:
 + Level 4.9 Fighting
 + Level 4.9 Dodging
 - Level 2.4 Stealth
 + Level 5.4 Unarmed Combat
 - Level 4.0 Spellcasting
 - Level 3.0 Summonings
 + Level 5.3 Transmutations
 - Level 8.0 Ice Magic
 + Level 0.0 Invocations


You had 4 spell levels left.
You knew the following spells:

 Your Spells              Type           Power        Failure   Level  Hunger
a - Freeze                Ice            ####         4%          1    None
b - Frozen Ramparts       Ice            ####..       8%          3    ###....
c - Blade Hands           Tmut           ###.......   47%         5    ######.
d - Summon Ice Beast      Ice/Summ       ###.....     26%         4    ####...

Your spell library contained the following spells:

 Spells                   Type           Power        Failure   Level  Hunger
 Beastly Appendage        Tmut           ###...       8%          1    None
 Sticks to Snakes         Tmut           ###.....     10%         2    ##.....
 Summon Small Mammal      Summ           ##..         12%         1    None
 Ozocubu's Armour         Chrm/Ice       ###.....     19%         3    ###....
 Ice Form                 Ice/Tmut       ####....     21%         4    ####...
 Animate Skeleton         Necr           N/A          26%         1    None
 Apportation              Tloc           #.....       26%         1    None
 Corona                   Hex            #......      26%         1    None
 Spider Form              Tmut/Pois      ##........   26%         3    ###....
 Hailstorm                Conj/Ice       ###.....     38%         4    ####...
 Confusing Touch          Hex            #.......     47%         3    ###....
 Gell's Gravitas          Tloc           #.........   47%         3    ###....
 Petrify                  Tmut/Erth      ##......     50%         4    ####...
 Metabolic Englaciation   Hex/Ice        ###.......   63%         5    ######.
 Yara's Violent Unravell  Hex/Tmut       ##........   77%         5    ######.


Dungeon Overview and Level Annotations

Branches:
Dungeon (9/15)             Temple (1/1) D:5             Orc (0/2) D:9
   Lair: D:8-11

Altars:
Ashenzari
Dithmenos
Elyvilon
Fedhas
Gozag
Kikubaaqudgha
Makhleb
Nemelex Xobeh
Okawaru
Ru
Sif Muna
Trog
Vehumet
Xom
Yredelemnul
Zin

Shops:
D:6 =


Innate Abilities, Weirdness & Mutations

You have razor-sharp teeth.
Your natural rate of healing is unusually fast.
When hurt, damage is shared between your health and your magic reserves.
Your bite disrupts and absorbs the magic of your enemies.
Potions cannot restore your health.
You are immune to rotting.


Message History

The troll zombie misses you. The troll zombie claws you.
The troll zombie claws you!
The ogre zombie resists.
The wall freezes the ogre zombie.
You hit the troll zombie.
The troll zombie is heavily damaged.
Your ice beast hits the troll zombie.
Your ice beast freezes the troll zombie.
The troll zombie resists.
The goblin skeleton resists.
The wall freezes the goblin skeleton.
The goblin skeleton hits you but does no damage.
The troll zombie resists.
The wall freezes the troll zombie.
The troll zombie bites you!
* * * LOW HITPOINT WARNING * * *
The troll zombie misses you. The troll zombie claws you.
* * * LOW HITPOINT WARNING * * *
The ogre zombie resists.
The wall freezes the ogre zombie.
Your ice beast hits the troll zombie.
Your ice beast freezes the troll zombie.
The troll zombie resists.
The goblin skeleton resists.
The wall freezes the goblin skeleton.
The troll zombie resists.
The wall freezes the troll zombie.
Your ice beast hits the goblin skeleton.
The goblin skeleton is destroyed!
Makhleb accepts your kill.
The ogre zombie resists.
The wall freezes the ogre zombie.
Unknown command.
Your ice beast hits the troll zombie.
Your ice beast freezes the troll zombie.
The troll zombie completely resists.
The troll zombie resists.
The wall freezes the troll zombie.
The ogre zombie resists.
The wall freezes the ogre zombie.
You aren't carrying any items that you can evoke without wielding.
Casting: Frozen Ramparts (safe; 1% risk of failure)
Confirm with . or Enter, or press ? or * to list all spells.
The spell is quite dangerous to cast (17% risk of failure)!
Continue anyway?
Your hands turn into razor-sharp scythe blades.
Your +2 dagger of draining melds into your body.
You are starving!
Your ice beast hits the ogre zombie.
Your ice beast freezes the ogre zombie.
The ogre zombie resists.
The troll zombie completely resists.
The wall freezes the troll zombie but do no damage.
The ogre zombie resists.
The wall freezes the ogre zombie.
You slash the troll zombie!
The troll zombie is almost destroyed.
The troll zombie completely resists.
The wall freezes the troll zombie but do no damage.
The troll zombie bites you!
* * * LOW HITPOINT WARNING * * *
The troll zombie barely misses you. The troll zombie claws you!
You die...

................#.......#....#
........[.......#............#
###########†#####..........#.#
#.#...######'###.#.#
#.#...#........#...#
#.#...#........'...# .#...
#.#÷..#........#.#.# .....
###...####.###.#...#
##...#####@....#.###.#...#
Z..8....##Z....#.##..#.#.#
Z.......##Z.#..#<##..#.#.#
...Z.Z..##Y....#'###.#...#
........#..........#.#.. #
..........######...#.#..
Z..................#.#
Z..>...8...........#.#
Z..................###


You could see an ogre zombie, a troll zombie and a friendly ice beast
(summoned).

Vanquished Creatures
  Pikel (D:7)
  A wraith (D:9)
  A hungry ghost (D:9)
  A water moccasin (D:8)
  Duvessa (D:7)
  A nameless horror (D:5)
  2 orc warriors
  2 slaves (D:7)
  An ice beast (D:8)
  A phantom (D:9)
  3 ogres
  A crocodile (D:7)
  2 gnoll sergeants (D:5)
  2 bullfrogs
  Dowan (D:7)
  A scorpion (D:5)
  A howler monkey (D:5)
  A crimson imp (D:6)
  3 orc wizards
  3 orc priests
  6 hounds
  3 gnoll shamans (D:5)
  2 iguanas
  3 worker ants
  An ogre zombie (D:9)
  A hound zombie (D:9)
  A hound skeleton (D:5)
  A worker ant zombie (D:4)
  Robin (D:2)
  11 gnolls (D:5)
  7 adders
  A shadow imp (D:5)
  An adder zombie (D:7)
  A worm (D:5)
  3 dart slugs
  4 leopard geckos
  16 orcs
  4 giant cockroaches
  14 goblins
  5 hobgoblins
  3 jackals (D:5)
  6 quokkas
  2 ball pythons
  8 bats
  A frilled lizard (D:4)
  2 hobgoblin zombies (D:9)
  A jackal zombie (D:7)
  4 kobolds
  A leopard gecko skeleton (D:5)
  A leopard gecko zombie (D:5)
  2 orc skeletons (D:9)
  5 orc zombies (D:9)
  A quokka skeleton (D:8)
  5 rats
158 creatures vanquished.

Vanquished Creatures (collateral kills)
  Grinder (D:6)
  2 ice beasts
  2 gnoll sergeants (D:5)
  A crimson imp (D:5)
  3 hounds (D:5)
  A jelly (D:5)
  A gnoll shaman (D:5)
  A worker ant (D:5)
  14 gnolls (D:5)
  A jackal (D:5)
  A goblin skeleton (D:9)
28 creatures vanquished.

Grand Total: 186 creatures vanquished

Notes
Turn   | Place    | Note
-------+----------+-------------------------------------------
     0 | D:1      | Flugslaktarn the Vine Stalker Ice Elementalist began the
                  | quest for the Orb.
     0 | D:1      | Reached XP level 1. HP: 9/9 MP: 4/4
   158 | D:1      | Reached XP level 2. HP: 2/13 MP: 0/6
   481 | D:2      | Found an ancient bone altar of Kikubaaqudgha.
   592 | D:2      | Found a white marble altar of Elyvilon.
   600 | D:2      | Reached XP level 3. HP: 13/16 MP: 1/8
   605 | D:2      | Learned a level 3 spell: Frozen Ramparts
   684 | D:2      | Noticed Robin
   690 | D:2      | Killed Robin
   690 | D:2      | Reached skill level 5 in Ice Magic
   757 | D:2      | Gained mutation: Your natural rate of healing is unusually
                  | fast. [Vine Stalker growth]
   757 | D:2      | Reached XP level 4. HP: 8/21 MP: 3/9
  1005 | D:4      | Noticed an ogre
  1034 | D:4      | Killed an ogre
  1034 | D:4      | Reached XP level 5. HP: 24/24 MP: 2/11
  1121 | D:4      | Reached skill level 6 in Ice Magic
  1138 | D:4      | Reached XP level 6. HP: 28/28 MP: 6/12
  1144 | D:4      | Learned a level 4 spell: Summon Ice Beast
  1292 | D:4      | Reached skill level 1 in Summonings
  1354 | D:5      | Entered Level 5 of the Dungeon
  1409 | D:5      | Noticed a nameless horror
  1417 | D:5      | Killed a nameless horror
  1458 | D:5      | Reached skill level 7 in Ice Magic
  1458 | D:5      | Reached XP level 7. HP: 32/32 MP: 8/14
  1534 | D:5      | HP: 1/32 [ice beast (9)]
  1621 | D:5      | Found a sacrificial altar of Ru.
  1809 | D:5      | Reached skill level 8 in Ice Magic
  1816 | D:5      | Learned a level 5 spell: Blade Hands
  1962 | D:5      | Found a staircase to the Ecumenical Temple.
  2043 | Temple   | Entered the Ecumenical Temple
  2094 | Temple   | Became a worshipper of Makhleb the Destroyer
  2126 | D:5      | Reached skill level 1 in Unarmed Combat
  2126 | D:5      | Gained mutation: You have razor-sharp teeth. [Vine Stalker
                  | growth]
  2126 | D:5      | Reached XP level 8. HP: 37/37 MP: 11/15
  2175 | D:5      | Reached skill level 1 in Fighting
  2175 | D:5      | Reached skill level 1 in Transmutations
  2611 | D:6      | Reached * piety under Makhleb
  2621 | D:6      | Found Ewofo's Jewellery Emporium.
  2658 | D:6      | Noticed Grinder
  2685 | D:6      | Killed Grinder
  2703 | D:6      | Bought an uncursed ring of wizardry for 390 gold pieces
  2811 | D:6      | Found an iron altar of Okawaru.
  2901 | D:7      | Noticed Duvessa
  2901 | D:7      | Noticed Dowan
  2914 | D:7      | Killed Duvessa
  2917 | D:7      | Killed Dowan
  2933 | D:7      | Noticed an angel
  2934 | D:7      | Found a glowing silver altar of Zin.
  2943 | D:7      | Found a shimmering altar of Xom.
  2951 | D:7      | Reached XP level 9. HP: 44/44 MP: 16/16
  3149 | D:7      | Noticed Pikel
  3162 | D:7      | Killed Pikel
  3361 | D:8      | Reached ** piety under Makhleb
  3477 | D:9      | Reached skill level 5 in Unarmed Combat
  3585 | D:9      | Found a staircase to the Orcish Mines.
  3599 | D:9      | Reached skill level 5 in Transmutations
  3605 | D:9      | Reached XP level 10. HP: 49/51 MP: 6/17
  3628 | D:9      | Slain by a troll zombie

Illustrated notes

Levels and vault maps discovered:
D:1:      nagdon_arrival_double_spiral, layout_loops_ring
D:2:      layout_basic, kiku_gazebo_pond_becter, lemuel_doored_altar,
          chequers_ecumenical_altar_simple_redux, first_ration, uniq_robin
D:3:      layout_basic, cheibriados_altar_1
D:4:      layout_basic, nicolae_tso_swordbearing_angel
D:5:      layout_cave_pools, kennysheep_mini, minmay_temple_entry_ruins,
          serial_gnoll_camp, gnoll_camp_mini_hut, gnoll_camp_mini_hut,
          gnoll_camp_mini_hut, gnoll_camp_huts_moat, gnoll_camp_medium_02,
          gnoll_camp_mini_basic
D:6:      layout_basic, nicolae_overflow_hidden_temple, ebering_ghost_sewer_d,
          serial_shops, shop, uniq_grinder
D:7:      layout_loops_ring, grunt_temple_overflow_order_and_chaos_1,
          eat_drink_and_be_merry_uskayaw, overflow_temple_1_default,
          marbit_many_paths, grunt_ogre_cave, minmay_misc_feat_secret_circle,
          uniq_maggie, uniq_pikel, uniq_duvessa
D:8:      layout_loops_ring, uniq_joseph, uniq_harold
D:9:      layout_stronghold, kennysheep_little_box, zombieorc2_lemuel
Temple:   jpeg_temple_alley_garden

Skill      XL: |  1  2  3  4  5  6  7  8  9 |
---------------+----------------------------+-----
Spellcasting   | 3 4 |  4.0
Ice Magic      | 5 6 7 8 |  8.0
Summonings     | 2 3 |  3.0
Unarmed Combat | 1 3 5 |  5.4
Fighting       | 3 4 |  4.9
Transmutations | 3 5 |  5.3
Dodging        | 3 4 |  4.9
Stealth        | |  2.4

Action                   |  1- 3 |  4- 6 |  7- 9 | 10-12 || total
-------------------------+-------+-------+-------+-------++-------
Melee: Club              |     7 |       |       |       ||     7
       Bite              |     3 |     8 |    44 |     4 ||    59
       Unarmed           |     1 |       |    28 |    10 ||    39
       Short sword       |     4 |       |       |       ||     4
       Quarterstaff      |     5 |       |       |       ||     5
       Dagger            |     7 |    28 |   125 |     6 ||   166
       Staff             |       |     8 |    22 |       ||    30
       Spear             |       |       |    19 |       ||    19
       Punch             |       |       |     2 |       ||     2
 Fire: Hunting sling     |       |    21 |    35 |       ||    56
Throw: Stone             |       |     2 |       |       ||     2
 Cast: Freeze            |    32 |     8 |    10 |       ||    50
       Frozen Ramparts   |     3 |    15 |    37 |     1 ||    56
       Summon Ice Beast  |       |     1 |    18 |     1 ||    20
       Blade Hands       |       |       |     2 |     1 ||     3
  Use: Scroll            |       |       |    11 |       ||    11
       Potion            |       |       |     1 |       ||     1
 Stab: Sleeping          |     1 |       |     1 |       ||     2
  Eat: Ration            |       |     1 |     4 |       ||     5
       Chunk             |       |       |     1 |       ||     1
Armor: Robe              |    11 |    12 |    38 |     2 ||    63
Dodge: Dodged            |    47 |    31 |   217 |    26 ||   321

Table legend:
 A = Non-vault XP
 B = Vault XP
 C = Vault XP percentage of total XP
 D = Non-vault monster count
 E = Vault monster count
 F = Vault count percentage of total count
                 A         B        C        D         E       F
            +---------+---------+-------+---------+---------+-------
      Total |    2492 |    2372 |  48.8 |     114 |      69 |  37.7
            +---------+---------+-------+---------+---------+-------
        D:1 |      26 |       0 |   0.0 |      16 |       0 |   0.0
        D:2 |      29 |      30 |  50.8 |      11 |       9 |  45.0
        D:3 |      51 |       0 |   0.0 |      14 |       0 |   0.0
        D:4 |     311 |       0 |   0.0 |      13 |       0 |   0.0
        D:5 |     354 |     809 |  69.6 |      15 |      42 |  73.7
        D:6 |     235 |     171 |  42.1 |      14 |       1 |   6.7
        D:7 |     438 |     827 |  65.4 |       9 |       3 |  25.0
        D:8 |     679 |       0 |   0.0 |      12 |       0 |   0.0
        D:9 |     369 |     535 |  59.2 |      10 |      14 |  58.3
            +---------+---------+-------+---------+---------+-------
